 Dungeon Crawl Stone Soup version 0.28.0-62-gf88900778d (webtiles) character file.

Game seed: 7666637963688313415

1360 browni3141 the Jinx (level 8, 0/58 HPs)
             Began as a Human Enchanter on Feb 27, 2023.
             Was an Initiate of Nemelex Xobeh.
             Slain by Prince Ribbit (3 damage)
             ... on level 6 of the Dungeon.
             The game lasted 00:13:52 (9352 turns).

browni3141 the Jinx (Human Enchanter)               Turns: 9352, Time: 00:13:55

Health: 0/58       AC:  6    Str:  8    XL:     8   Next: 96%
Magic:  11/11      EV: 13    Int: 19    God:    Nemelex Xobeh [......]
Gold:   55         SH:  0    Dex: 13    Spells: 3/11 levels left

rFire   + . .      SeeInvis .   a - +2 short sword (venom)
rCold   . . .      Faith    .   (no shield)
rNeg    . . .      Spirit   .   y - +2 robe {rF+}
rPois   .          Reflect  .   (no helmet)
rElec   .          Harm     .   i - +0 cloak
rCorr   .          Rampage  .   (no gloves)
Will    .....                   n - +0 pair of boots
Stlth   +++.......              r - amulet of magic regeneration
HPRegen 0.19/turn               (no ring)
MPRegen 0.52/turn               (no ring)

@: no status effects
A: no striking features
a: Renounce Religion, Draw Escape, Draw Destruction, Draw Summoning


You were on level 6 of the Dungeon.
You worshipped Nemelex Xobeh.
Nemelex Xobeh was noncommittal.
You visited 1 branch of the dungeon, and saw 7 of its levels.

You collected 328 gold pieces.
You spent 273 gold pieces at shops.


   Skills:
 - Level 3.0 Fighting
 - Level 1.0 Short Blades
 * Level 2.8 Polearms
 - Level 4.0 Dodging
 - Level 5.0 Stealth
 - Level 2.0 Spellcasting
 - Level 8.0 Hexes
 - Level 2.0 Ice Magic


You had 3 spell levels left.
You knew the following spells:

 Your Spells              Type           Power      Damage    Failure   Level
d - Tukima's Dance        Hex            32%        N/A       1%          3
o - Confusing Touch       Hex            32%        N/A       1%          3
z - Ensorcelled Hibernat  Hex/Ice        40%        N/A       3%          2

Your spell library contained the following spells:

 Spells                   Type           Power      Damage    Failure   Level
 Dazzling Flash           Conj/Hex       34%        N/A       10%         3
 Summon Guardian Golem    Hex/Summ       17%        N/A       10%         3
 Summon Small Mammal      Summ           4%         N/A       17%         1
 Call Canine Familiar     Summ           1%         N/A       45%         3

Inventory:

Hand Weapons
 a - a +2 short sword of venom (weapon)
 b - the +9 hunting sling of Sawoatu {vorpal, rF+ Dex+3}
   (You found it on level 6 of the Dungeon)

   Any ammunition fired from it inflicts extra damage upon your enemies.
   Dex:       It affects your dexterity (+3).
   rF:        It protects you from fire.
 d - a +4 dagger
 h - a +4 short sword
 p - a +1 dagger
Armour
 i - a +0 cloak (worn)
 j - a +0 leather armour
 n - a +0 pair of boots (worn)
 y - a +2 robe of fire resistance (worn)
 B - a +0 robe
 C - the -4 helmet of Weightlessness {Rampage rC+ Str+4}
   (You bought it in a shop on level 3 of the Dungeon)

   Str:       It affects your strength (+4).
   rC:        It protects you from cold.
   Rampage:   It bestows one free step when moving towards enemies.
Jewellery
 r - an amulet of magic regeneration (around neck)
Scrolls
 c - 2 scrolls of amnesia
 e - 2 scrolls of immolation {!r}
 f - a scroll of enchant armour {unknown}
 g - 2 scrolls of fear
 k - 5 scrolls of identify {unknown}
 o - a scroll of vulnerability {unknown}
 s - a scroll of noise {unknown}
 v - a scroll of enchant weapon {unknown}
 z - a scroll of holy word {unknown}
Potions
 l - 4 potions of lignification {unknown}
 m - 2 potions of haste {unknown}
 q - 2 potions of mutation {unknown}
 t - 2 potions of curing {@q1}
 u - a potion of attraction {unknown}
 w - a potion of berserk rage {unknown}
 x - a potion of magic {unknown}
 A - a potion of cancellation {unknown}

Dungeon Overview and Level Annotations

Branches:
Dungeon (7/15)
 Temple: D:4-7

Altars:
Elyvilon
Nemelex Xobeh
Okawaru
Qazlal
Trog
Wu Jian

Shops:
D:3 *

Annotations:
D:4 2 transporters, exclusion: water moccasin, tkbsonic5's ghost, amateur DDNe
D:6 Prince Ribbit

#[# #.########.
########.####.....# ##
#....^...##.##########
#.......>.............
#........###.#####.###
#............#####.###
#........#####..).....
#....F...# #......(.
#....@...# #........
#.......## #........
#.......# #........
#.......# #########
#########


You could see Prince Ribbit (poisoned).


Message History

Prince Ribbit is heavily wounded.
Prince Ribbit hops awkwardly around.
Prince Ribbit hits you.
You hit Prince Ribbit but do no damage.
Prince Ribbit is heavily wounded.
Prince Ribbit completely misses you. Prince Ribbit hits you!
* * * LOW HITPOINT WARNING * * *
You are too injured to fight recklessly!
You are too injured to fight recklessly!
You are too injured to fight recklessly!
You closely miss Prince Ribbit.
Prince Ribbit is heavily wounded.
Prince Ribbit barely misses you.
You closely miss Prince Ribbit.
Prince Ribbit is severely wounded.
Prince Ribbit hits you!
* * * LOW HITPOINT WARNING * * *
Prince Ribbit misses you.
You hit Prince Ribbit but do no damage.
Prince Ribbit is severely wounded.
Prince Ribbit barely misses you.
You closely miss Prince Ribbit.
Prince Ribbit is severely wounded.
Your hands stop glowing.
Prince Ribbit lets out a mournful croak.
Prince Ribbit hits you!
* * * LOW HITPOINT WARNING * * *
Prince Ribbit hits you.
You die...
Your body disappears without a glow.

Skill      XL: |  1  2  3  4  5  6  7  8 |
---------------+-------------------------+-----
Fighting       | 1 2 3 |  3.0
Ice Magic      | 1 2 |  2.0
Hexes          | 4 5 6 8 |  8.0
Stealth        | 5 |  5.0
Dodging        | 3 4 |  4.0
Polearms       | 2 |  2.8
Short Blades   | |  1.0
Spellcasting   | |  2.0

Action                   |  1- 3 |  4- 6 |  7- 9 || total
-------------------------+-------+-------+-------++-------
Melee: Dagger            |    81 |    63 |       ||   144
       Punch             |     1 |     4 |     6 ||    11
       Short sword       |       |   120 |   162 ||   282
 Cast: Ensorcelled Hiber |     9 |    24 |    12 ||    45
       Tukima's Dance    |       |     8 |     6 ||    14
       Confusing Touch   |       |       |    10 ||    10
  Use: Potion            |     1 |       |       ||     1
       Scroll            |     1 |     2 |       ||     3
 Stab: Invisible         |     3 |       |       ||     3
       Sleeping          |     9 |    15 |     8 ||    32
       Distracted        |       |     1 |       ||     1
       Confused          |       |       |     7 ||     7
Armor: Robe              |    11 |     6 |    20 ||    37
       Leather armour    |       |    33 |    17 ||    50
Dodge: Dodged            |    40 |   127 |   112 ||   279

Levels and vault maps discovered:
D:1:      heliophobic_arrival_henge, layout_basic,
          shapermc_ecumenical_altar_flowoftime
D:2:      layout_basic, basic_altar, uniq_crazy_yiuf_cottage, uniq_terence
D:3:      layout_rooms, minitemple, serial_shops,
          nicolae_shop_overgrown_old_shop, dk_noncrumbling_4,
          grunt_decor_clamped, wad_floor_pattern_untrapped
D:4:      layout_basic, gammafunk_ghost_mausoleum
D:5:      layout_basic, mainiacjoe_overflow_small_starburst,
          kennysheep_mini_moat, kennysheep_generic_room_6
D:6:      layout_basic, trog_butcher_becter, minmay_misc_feat_doors,
          hangedman_decor_growths, hangedman_abyss_or_decor_lesser_grid
D:7:      layout_cave_pools, general_overflow_altar, minmay_temple_entry_glass,
          serial_column_ruins, column_ruins_hut_ruined, column_ruins_hut_ruined,
          column_ruins_grid_1, column_ruins_columns_T, column_ruins_open_tiny,
          column_ruins_open_small, column_ruins_columns_straight, uniq_maggie,
          uniq_menkaure, uniq_prince_ribbit1, uniq_harold

Notes
Turn   | Place    | Note
-------+----------+-------------------------------------------
     0 | D:1      | browni3141 the Human Enchanter began the quest for the Orb.
     0 | D:1      | Reached XP level 1. HP: 13/13 MP: 3/3
    37 | D:1      | Reached skill level 1 in Fighting
    54 | D:1      | Reached XP level 2. HP: 6/21 MP: 5/5
   437 | D:1      | Learned a level 2 spell: Ensorcelled Hibernation
   731 | D:1      | Reached skill level 2 in Fighting
   947 | D:1      | Reached skill level 1 in Ice Magic
   947 | D:1      | Reached XP level 3. HP: 26/27 MP: 1/6
  1215 | D:1      | Found a faded altar of an unknown god.
  1426 | D:2      | Reached skill level 2 in Ice Magic
  1433 | D:2      | Learned a level 3 spell: Tukima's Dance
  1590 | D:2      | Reached XP level 4. HP: 14/33 MP: 1/7
  2101 | D:2      | Found an ornate altar of the Wu Jian Council.
  2641 | D:2      | Noticed Terence
  2651 | D:2      | Killed Terence
  2652 | D:2      | Reached skill level 4 in Hexes
  2820 | D:2      | Found a runed translucent door.
  2821 | D:2      | Noticed Crazy Yiuf
  3142 | D:2      | Killed Crazy Yiuf
  3143 | D:2      | Reached XP level 5. HP: 12/38 MP: 1/8
  3481 | D:2      | Learned a level 3 spell: Confusing Touch
  3568 | D:3      | Noticed an ogre
  3924 | D:3      | Found a white marble altar of Elyvilon.
  3931 | D:3      | Found an iron altar of Okawaru.
  4351 | D:3      | Found Qicadu's Assorted Antiques.
  4369 | D:3      | Bought a cyan potion for 21 gold pieces
  4369 | D:3      | Bought a scroll labelled GEEKHL RIDAOCS for 24 gold pieces
  4592 | D:4      | Noticed a water moccasin
  5081 | D:4      | Reached skill level 5 in Hexes
  5081 | D:4      | Reached XP level 6. HP: 44/44 MP: 9/9
  5092 | D:4      | Reached skill level 4 in Stealth
  5383 | D:3      | Killed an ogre
  5384 | D:3      | Reached skill level 5 in Stealth
  5594 | D:3      | Found a white marble altar of Elyvilon.
  5599 | D:3      | Found an iron altar of Okawaru.
  5705 | D:3      | Found Qicadu's Assorted Antiques.
  5981 | D:4      | Reached XP level 7. HP: 50/50 MP: 10/10
  6212 | D:4      | Found a transporter.
  6215 | D:4      | Noticed tkbsonic5's ghost (amateur DDNe)
  6220 | D:4      | Found a transporter.
  6355 | D:5      | Entered Level 5 of the Dungeon
  6392 | D:5      | Found a stormy altar of Qazlal.
  6808 | D:5      | Reached skill level 3 in Fighting
  6921 | D:5      | Reached skill level 6 in Hexes
  7011 | D:5      | Reached skill level 3 in Dodging
  7083 | D:5      | Found a sparkling altar of Nemelex Xobeh.
  7102 | D:5      | Became a worshipper of Nemelex Xobeh the Trickster
  7441 | D:6      | Reached XP level 8. HP: 51/58 MP: 11/11
  7950 | D:6      | Identified the +9 hunting sling of Sawoatu {vorpal, rF+
                  | Dex+3}
  8031 | D:3      | Bought a shimmering helmet for 228 gold pieces
  8031 | D:3      | Identified the -4 helmet of Weightlessness {Rampage rC+
                  | Str+4} (You bought it in a shop on level 3 of the Dungeon)
  8150 | D:6      | Reached skill level 4 in Dodging
  8150 | D:6      | Reached skill level 7 in Hexes
  8654 | D:6      | Found a bloodstained altar of Trog.
  8683 | D:6      | Reached skill level 8 in Hexes
  8683 | D:6      | Reached skill level 1 in Polearms
  9069 | D:6      | Reached skill level 2 in Polearms
  9244 | D:7      | Noticed Prince Ribbit
  9352 | D:6      | HP: 3/58 [Prince Ribbit (11)]
  9352 | D:6      | Slain by Prince Ribbit

Vanquished Creatures
  An orc warrior (D:6)
  An ice beast (D:5)
  2 ogres
  A necrophage (D:5)
  A centaur (D:6)
  4 scorpions
  A water moccasin zombie (D:6)
  A centaur zombie (D:5)
  3 hounds
  A jelly (D:5)
  3 iguanas
  2 orc wizards (D:4)
  A hound skeleton (D:4)
  A hound zombie (D:5)
  A howler monkey zombie (D:6)
  3 gnolls (D:4)
  4 adders
  A shadow imp (D:6)
  A white imp (D:5)
  An ufetubus (D:5)
  A worm (D:2)
  A dart slug (D:3)
  7 orcs
  6 ball pythons
  11 endoplasms
  A giant cockroach (D:1)
  7 goblins
  12 hobgoblins
  4 jackals (D:1)
  A quokka (D:1)
  2 bats
  6 frilled lizards
  8 kobolds
  7 rats
108 creatures vanquished.

Vanquished Creatures (collateral kills)
  Crazy Yiuf (D:2)
  Terence (D:2)
2 creatures vanquished.

Vanquished Creatures (others)
  A dancing weapon (D:3)
  4 fungi (D:2)
5 creatures vanquished.

Grand Total: 115 creatures vanquished

Table legend: (Time is in decaauts)
 A = Elapsed time spent in this place.
 B = Non-inter-level travel time spent in this place.
 C = Inter-level travel time spent in this place.
 D = Time resting spent in this place.
 E = Time spent auto-exploring this place.
 F = Levels seen in this place.
 G = Mean time per level.
                   A        B        C        D        E       F      G
               +--------+--------+--------+--------+--------+-----+--------+
         Total |   9370 |   8803 |    567 |   1820 |   5465 |   7 | 1338.6 |
       Dungeon |   9370 |   8803 |    567 |   1820 |   5465 |   7 | 1338.6 |
               +--------+--------+--------+--------+--------+-----+--------+

Top non-repeatable levels by time:
     D:2: 2032 daAuts
     D:3: 1786 daAuts
     D:1: 1522 daAuts
     D:5: 1465 daAuts
     D:6: 1395 daAuts
     D:4: 1133 daAuts
     D:7: 35 daAuts

Table legend:
 A = Non-vault XP
 B = Vault XP
 C = Vault XP percentage of total XP
 D = Non-vault monster count
 E = Vault monster count
 F = Vault count percentage of total count
                 A         B        C        D         E       F
            +---------+---------+-------+---------+---------+-------
      Total |    1509 |     435 |  22.4 |     103 |       7 |   6.4
            +---------+---------+-------+---------+---------+-------
        D:1 |      45 |       0 |   0.0 |      26 |       0 |   0.0
        D:2 |      57 |      77 |  57.5 |      21 |       2 |   8.7
        D:3 |     157 |       0 |   0.0 |      13 |       0 |   0.0
        D:4 |     211 |       0 |   0.0 |      23 |       0 |   0.0
        D:5 |     560 |      20 |   3.4 |      10 |       1 |   9.1
        D:6 |     476 |     338 |  41.5 |       9 |       4 |  30.8
        D:7 |       3 |       0 |   0.0 |       1 |       0 |   0.0
            +---------+---------+-------+---------+---------+-------
